 Dungeon Crawl Stone Soup version 0.22-a0-422-g9628fc8 (webtiles) character file.

63 Mgcat the Firebug (level 4, -5/24 HPs)
             Began as a Gargoyle Fire Elementalist on May 20, 2018.
             Slain by Sigmund
             ... wielding a +0 scythe
              (8 damage)
             ... on level 2 of the Dungeon.
             The game lasted 00:03:04 (1347 turns).

Mgcat the Firebug (Gargoyle Fire Elementalist)      Turns: 1347, Time: 00:03:05

Health: -5/24      AC:  5    Str: 11    XL:     4   Next: 9%
Magic:  1/8        EV: 12    Int: 17    God:
Gold:   48         SH:  0    Dex: 10    Spells: 2/8 levels left

rFire    . . .     SeeInvis .   b - +0 dagger
rCold    . . .     Gourm    .   (no shield)
rNeg     + . .     Faith    .   a - +0 robe
rPois    ∞         Spirit   .   (no helmet)
rElec    +         Reflect  .   (no cloak)
rCorr    .         Harm     .   (no gloves)
MR       .....                  (no boots)
Stlth    ++........             (no amulet)
HPRegen  0.08/turn              (no ring)
MPRegen  0.11/turn              (no ring)

@: no status effects
A: negative energy resistance 1, electricity resistance, unbreathing,
petrification resistance, rot immunity, AC +3
a: no special abilities


You were on level 2 of the Dungeon.
You were hungry.

You visited 1 branch of the dungeon, and saw 2 of its levels.

You collected 48 gold pieces.

Inventory:

Hand Weapons
 b - a +0 dagger (weapon)
   (You found it on level 1 of the Dungeon)
 i - a -3 short sword
   (You took it off a kobold on level 2 of the Dungeon)
Armour
 a - a +0 robe (worn)
Potions
 e - a potion of curing {unknown}
 f - a potion of haste {unknown}
 g - a potion of agility {unknown}
Comestibles
 c - 6 rations
 d - 8 chunks of flesh {@w0}


   Skills:
 - Level 1.5 Dodging
 - Level 2.1 Stealth
 + Level 2.7 Spellcasting
 + Level 2.5 Conjurations
 + Level 3.7 Fire Magic


You had 2 spell levels left.
You knew the following spells:

 Your Spells              Type           Power        Failure   Level  Hunger
a - Flame Tongue          Conj/Fire      ##...        4%          1    #......
b - Throw Flame           Conj/Fire      ##....       8%          2    ##.....
c - Conjure Flame         Conj/Fire      ##......     16%         3    ###....

Your spell library contained the following spells:

 Spells                   Type           Power        Failure   Level  Hunger
 Fireball                 Conj/Fire      ##........   80%         5    ######.
 Sticky Flame             Conj/Fire      ##......     45%         4    #####..
 Inner Flame              Hex/Fire       #.......     26%         3    ###....


Dungeon Overview and Level Annotations

Branches:
Dungeon (2/15)

Altars:

Annotations:
D:2 Sigmund


Innate Abilities, Weirdness & Mutations

You are resistant to torment.
Your stone body is resilient. (AC +3)
You are immune to poison.
You resist negative energy. (rN+)
You are resistant to electric shocks. (rElec)
You can survive without breathing.
You are immune to petrification.
You are immune to rotting.


Message History

Sigmund the Dreaded comes into view.
He is wielding a scythe.
Unknown command.
Unknown command.
Unknown command.
Unknown command.
Unknown command.
Unknown command.
Unknown command.
Unknown command.
Unknown command.
Unknown command.
Unknown command.
Unknown command.
Unknown command.
Unknown command.
Unknown command.
Unknown command.
You start resting.
A giant cockroach comes into view.
The giant cockroach closely misses you.
Casting: Throw Flame (safe; 8% risk of failure)
Confirm with . or Enter, or press ? or * to list all spells.
Aiming: Flame Tongue (safe; 4% risk of failure)
Press: ? - help, Shift-Dir - straight line, f - giant cockroach
Aim: a giant cockroach The flame tongue hits the giant cockroach.
You kill the giant cockroach!
You see here a giant cockroach corpse.
You butcher the giant cockroach corpse.
d - 8 chunks of flesh {@w0} (gained 1)
You start resting.
Magic restored.
You are feeling hungry.
Really walk into a travel-excluded area?
A giant cockroach comes into view.
Casting: Flame Tongue (safe; 4% risk of failure)
Confirm with . or Enter, or press ? or * to list all spells.
Aiming: Throw Flame (safe; 8% risk of failure)
Press: ? - help, Shift-Dir - straight line, f - Sigmund
Aim: Sigmund, wielding a scythe and wearing a robe (resting)
The puff of flame hits Sigmund.
Sigmund is lightly wounded.
Sigmund shouts!
Casting: Throw Flame (safe; 8% risk of failure)
Confirm with . or Enter, or press ? or * to list all spells.
You can't see any susceptible monsters within range! (Use Z to cast anyway.)
Casting: Throw Flame (safe; 8% risk of failure)
Confirm with . or Enter, or press ? or * to list all spells.
Aiming: Throw Flame (safe; 8% risk of failure)
Press: ? - help, Shift-Dir - straight line, f/p - Sigmund
Aim: Sigmund, wielding a scythe and wearing a robe (lightly wounded)
The puff of flame hits Sigmund.
Sigmund is moderately wounded.
Sigmund gestures at you while chanting. The magic dart hits you!
Casting: Throw Flame (safe; 8% risk of failure)
Confirm with . or Enter, or press ? or * to list all spells.
You can't see any susceptible monsters within range! (Use Z to cast anyway.) Sigmund casts a spell at you.
You resist with some effort.
Casting: Throw Flame (safe; 8% risk of failure)
Confirm with . or Enter, or press ? or * to list all spells.
Aiming: Flame Tongue (safe; 4% risk of failure)
Press: ? - help, Shift-Dir - straight line, f/p - Sigmund
Aim: Sigmund, wielding a scythe and wearing a robe (moderately wounded)
The flame tongue hits Sigmund.
Sigmund is heavily wounded.
Casting: Flame Tongue (safe; 4% risk of failure)
Confirm with . or Enter, or press ? or * to list all spells.
Aiming: Flame Tongue (safe; 4% risk of failure)
Press: ? - help, Shift-Dir - straight line, f/p - Sigmund
Aim: Sigmund, wielding a scythe and wearing a robe (moderately wounded)
The flame tongue hits Sigmund.
Sigmund is heavily wounded.
The giant cockroach bites you.
Sigmund casts a spell.
Sigmund flickers and vanishes!
Deactivating autopickup; reactivate with Ctrl-A.
Casting: Flame Tongue (safe; 4% risk of failure)
Confirm with . or Enter, or press ? or * to list all spells.
Aiming: Flame Tongue (safe; 4% risk of failure)
Press: ? - help, Shift-Dir - straight line The giant cockroach bites you.
Something hits you.
Casting: Flame Tongue (safe; 4% risk of failure)
Confirm with . or Enter, or press ? or * to list all spells.
Aiming: Flame Tongue (safe; 4% risk of failure)
Press: ? - help, Shift-Dir - straight line The flame tongue hits something.
The giant cockroach bites you but does no damage.
Casting: Flame Tongue (safe; 4% risk of failure)
Confirm with . or Enter, or press ? or * to list all spells.
Okay, then.
Unknown command.
The giant cockroach misses you. Something hits you!
* * * LOW HITPOINT WARNING * * *
The giant cockroach bites you.
* * * LOW HITPOINT WARNING * * *
You hit the giant cockroach but do no damage.
Something hits you!
You die...

######.#'#.#
#.........(#
#########..........+
#......##..........#
#......#...........#
#......#....##.#....
#####..............####.
...................# .
.......@...........#
......s............#
.....{........)....#
...................#
...................#
###................#
#......#########.#
#......# .. #......#


You could see a giant cockroach.

Vanquished Creatures
  2 adders (D:2)
  An ooze (D:1)
  A dart slug (D:1)
  3 giant cockroaches
  10 goblins
  2 hobgoblins (D:2)
  2 jackals (D:1)
  7 kobolds
  A ball python (D:2)
  3 bats (D:1)
  3 frilled lizards (D:1)
  3 rats
38 creatures vanquished.

Notes
Turn   | Place    | Note
-------+----------+-------------------------------------------
     0 | D:1      | Mgcat the Gargoyle Fire Elementalist began the quest for the Orb.
     0 | D:1      | Reached XP level 1. HP: 10/10 MP: 3/3
   124 | D:1      | Reached XP level 2. HP: 15/15 MP: 0/5
   128 | D:1      | Learned a level 2 spell: Throw Flame
   599 | D:1      | Reached XP level 3. HP: 18/19 MP: 3/6
   606 | D:1      | Reached skill level 2 in Conjurations
   613 | D:1      | Learned a level 3 spell: Conjure Flame
  1205 | D:2      | Reached XP level 4. HP: 20/24 MP: 2/8
  1303 | D:2      | Noticed Sigmund
  1346 | D:2      | HP: 4/24 [something (8)]
  1347 | D:2      | Slain by Sigmund

Vault maps used:
D:1:      wheals_arrival_linesprint
D:2:      minmay_fountain_box, uniq_sigmund

Skill      XL: |  1  2  3 |
---------------+----------+-----
Conjurations   | 2 |  2.5
Dodging        | |  1.5
Stealth        | |  2.1
Spellcasting   | |  2.7
Fire Magic     | |  3.7

Action                   |  1- 3 |  4- 6 || total
-------------------------+-------+-------++-------
Melee: Dagger            |    37 |     1 ||    38
 Cast: Flame Tongue      |    24 |     5 ||    29
       Throw Flame       |    12 |     6 ||    18
  Use: Scroll            |       |     1 ||     1
 Stab: Sleeping          |     1 |       ||     1
  Eat: Chunk             |     2 |       ||     2
Armor: Robe              |    15 |     1 ||    16
Dodge: Dodged            |    27 |     2 ||    29

Table legend:
 A = Spawn XP
 B = Non-spawn XP
 C = Spawn XP percentage of total XP
 D = Spawn monster count
 E = Non-spawn monster count
 F = Spawn count percentage of total count
 G = Total turns spent on level
                    A         B        C        D         E        F      G
               +---------+---------+-------+---------+---------+-------+---------
         Total |       0 |      90 |   0.0 |       0 |      38 |   0.0 |  1347
               +---------+---------+-------+---------+---------+-------+---------
           D:1 |       0 |      43 |   0.0 |       0 |      24 |   0.0 |   978
           D:2 |       0 |      47 |   0.0 |       0 |      14 |   0.0 |   369
               +---------+---------+-------+---------+---------+-------+---------

Vault maps used:
D:1:      wheals_arrival_linesprint
D:2:      minmay_fountain_box, uniq_sigmund

Table legend:
 A = Turns spent in this place as a percentage of turns spent in the entire game.
 B = Non-inter-level travel turns spent in this place as a percentage of non-inter-level travel turns spent in the entire game.
 C = Inter-level travel turns spent in this place as a percentage of turns spent in this place.
 D = Turns resting spent in this place as a percentage of non-inter-level travel turns spent in this place.
 E = Turns spent auto-exploring this place as a percentage of non-inter-level travel turns spent in this place.
 F = Non-inter-level travel turns spent in this place divided by the number of levels of this place that you've seen.
                   A       B       C       D       E      F
               +-------+-------+-------+-------+-------+----------------------
         Total | 100.0 | 100.0 |   1.2 |   2.2 |  79.9 | 665.5
       Dungeon | 100.0 | 100.0 |   1.2 |   2.2 |  79.9 | 665.5
               +-------+-------+-------+-------+-------+----------------------

Table legend:
 A = Kills in this place as a percentage of kills in entire the game.
 B = Kills by you in this place as a percentage of kills by you in the entire game.
 C = Kills by friends in this place as a percentage of kills by friends in the entire game.
 D = Other kills in this place as a percentage of other kills in the entire game.
 E = Experience gained in this place as a percentage of experience gained in the entire game.
 F = Experience gained in this place divided by the number of levels of this place that you have seen.
                   A       B       C       D       E      F
               +-------+-------+-------+-------+-------+----------------------
         Total | 100.0 | 100.0 |   N/A |   N/A | 100.0 |  45.0
       Dungeon | 100.0 | 100.0 |   N/A |   N/A | 100.0 |  45.0
               +-------+-------+-------+-------+-------+----------------------
